 Seeded DCSS version 0.30.1-4-g462c640d31 (webtiles) character file.

Game seed: 1591317900789521124 (custom seed)

256 Psyclone the Stinger (level 6, -2/36 HPs)
             Began as an Octopode Venom Mage on Sept 18, 2023.
             Slain by an ice beast (13 damage)
             ... on level 5 of the Dungeon.
             The game lasted 00:14:58 (4770 turns).

Psyclone the Stinger (Octopode Venom Mage)          Turns: 4770, Time: 00:14:59

Health: -2/36      AC:  1    Str:  8    XL:     6   Next: 15%
Magic:  4/9        EV: 13    Int: 19    God:
Gold:   243        SH:  0    Dex: 12    Spells: 3/9 levels left

rFire   . . .        a - +1 dagger (venom)
rCold   . . .        (no shield)
rNeg    . . .        (helmet restricted)
rPois   .            (no amulet)
rElec   .            (no ring)
rCorr   .            (no ring)
SInv    .            (no ring)
Will    .....        (no ring)
Stlth   +++          (no ring)
HPRegen 0.26/turn    (no ring)
MPRegen 0.11/turn    (no ring)
                     (no ring)

%: no passive effects
@: very slightly contaminated
A: almost no armour, amphibious, 8 rings, camouflage 1, gelatinous body 1,
(nimble swimmer 1), tentacles
a: no special abilities


You were on level 5 of the Dungeon.
You visited 1 branch of the dungeon, and saw 5 of its levels.

You collected 243 gold pieces.

Inventory:

Hand Weapons
 a - a +1 dagger of venom (weapon)
 l - the +6 sling "Wiestrif" {freeze, rN+ Int-4 SInv}
   (You found it on level 5 of the Dungeon)

   Int:       It affects your intelligence (-4).
   rN:        It protects you from negative energy.
   SInv:      It lets you see invisible.
Magical Staves
 b - a staff of conjuration
Wands
 e - a wand of charming (6)
Scrolls
 d - a scroll of identify {@r1}
 f - a scroll of enchant weapon
 h - 2 scrolls of noise
 j - 2 scrolls of fear
 k - 2 scrolls of poison
Potions
 c - a potion of magic
 g - a potion of cancellation
 i - a potion of haste


   Skills:
 - Level 2.0 Dodging
 - Level 2.6 Stealth
 - Level 2.0 Spellcasting
 + Level 4.2 Conjurations
 - Level 1.0 Transmutations
 - Level 6.0 Poison Magic


You had 3 spell levels left.
You knew the following spells:

 Your Spells              Type           Power      Damage    Failure   Level
a - Poisonous Vapours     Pois/Air       26%        N/A       8%          2
b - Magic Dart            Conj           72%        1d6       3%          1
q - Blink                 Tloc           2%         N/A       26%         2
v - Sting                 Tmut/Pois      60%        1d6       4%          1

Your spell library contained the following spells:

 Spells                   Type           Power      Damage    Failure   Level
 Shock                    Conj/Air       40%        1d5       7%          1
 Beastly Appendage        Tmut           10%        N/A       11%         1
 Momentum Strike          Conj/Tloc      20%        3d8       11%         2
 Mephitic Cloud           Conj/Pois/Air  14%        N/A       12%         3
 Spider Form              Tmut/Pois      15%        N/A       12%         3
 Freeze                   Ice            4%         1d3       17%         1
 Sandblast                Erth           2%         2d4       17%         1
 Slow                     Hex            4%         N/A       17%         1
 Wereblood                Tmut           5%         N/A       17%         2
 Call Imp                 Summ           2%         N/A       26%         2
 Lesser Beckoning         Tloc           2%         N/A       26%         2
 Confusing Touch          Hex            1%         N/A       45%         3
 Vampiric Draining        Necr           1%         2d6       45%         3
 Olgreb's Toxic Radiance  Pois           24%        N/A       14%         4


Dungeon Overview and Level Annotations

Branches:
Dungeon (5/15) Zot: 25230
 Temple: D:4-7

Altars:
Dithmenos
Kikubaaqudgha
Makhleb
Nemelex Xobeh
Qazlal
Vehumet
Wu Jian
Xom
Zin
The Shining One

Shops:
D:3 [


Innate Abilities, Weirdness & Mutations

You cannot wear most types of armour.
You are amphibious.
You can wear up to eight rings at the same time.
Your skin changes colour to match your surroundings (Stealth+).
Your rubbery body absorbs attacks. (AC +1, EV +1)
((You are camouflaged when in or above water. (Stealth+)))
You have tentacles for arms and can constrict up to eight enemies at once.


Message History

Press: ? - help, Shift-Dir - straight line, f/p - ice beast
Aim: an ice beast (100% to hit)
You miscast Magic Dart.
You are very lightly contaminated with residual magic.
Nothing appears to happen.
You now have 6/9 mp.
Casting: Magic Dart (safe; 3% risk of failure)
Confirm with . or Enter, or press ? or * to list all spells.
Aiming: Magic Dart (safe; 3% risk of failure)
Press: ? - help, Shift-Dir - straight line, f/p - ice beast
Aim: an ice beast (100% to hit)
The magic dart hits the ice beast but does no damage.
You now have 5/9 mp.
Casting: Magic Dart (safe; 3% risk of failure)
Confirm with . or Enter, or press ? or * to list all spells.
Aiming: Magic Dart (safe; 3% risk of failure)
Press: ? - help, Shift-Dir - straight line, f/p - ice beast
Aim: an ice beast (100% to hit)
The magic dart hits the ice beast.
The ice beast is lightly wounded.
Casting: Magic Dart (safe; 3% risk of failure)
Confirm with . or Enter, or press ? or * to list all spells.
Aiming: Magic Dart (safe; 3% risk of failure)
Press: ? - help, Shift-Dir - straight line, f/p - ice beast
Aim: an ice beast (lightly wounded, 100% to hit)
The magic dart hits the ice beast but does no damage.
The ice beast is lightly wounded.
The ice beast hits you. The ice beast freezes you.
You take 6 damage, and have 30/36 hp.
You now have 4/9 mp.
You hit the ice beast.
The ice beast is poisoned.
You squeeze the ice beast.
The ice beast is moderately wounded.
The ice beast hits you. The ice beast freezes you!
You take 16 damage, and have 14/36 hp.
MASSIVE DAMAGE!!
You closely miss the ice beast. Your squeeze misses the ice beast.
The ice beast is moderately wounded.
The ice beast barely misses you.
You hit the ice beast but do no damage. You squeeze the ice beast.
The ice beast is heavily wounded.
The ice beast hits you. The ice beast freezes you!
You die...

######....... #......#
........... #......#
......... #......#
....... #......# :Y...
#......# ... #......# ##
#.# #######......#
##..##.####....##......#
#........Y@....#.......#
#.......(......#.......#
#..............#.......#
#..............'.......#
#..............#.......#
########################


You could see an ice beast (poisoned).

Vanquished Creatures
  A scorpion (D:3)
  2 iguanas (D:4)
  Robin (D:2)
  4 adders
  An ufetubus (D:4)
  A worm (D:4)
  2 dart slugs
  3 orcs
  3 bats (D:1)
  6 endoplasms
  6 giant cockroaches
  10 goblins
  16 hobgoblins
  2 jackals (D:5)
  2 quokkas
  2 ball pythons
  A frilled lizard (D:3)
  11 kobolds
  3 rats
77 creatures vanquished.

Notes
Turn   | Place    | Note
-------+----------+-------------------------------------------
     0 | D:1      | Psyclone the Octopode Venom Mage began the quest for the
                  | Orb.
     0 | D:1      | Reached XP level 1. HP: 11/11 MP: 3/3
    30 | D:1      | Found a faded altar of an unknown god.
   171 | D:1      | Reached skill level 4 in Poison Magic
   242 | D:1      | Reached XP level 2. HP: 17/17 MP: 0/5
   309 | D:1      | Learned a level 2 spell: Poisonous Vapours
   311 | D:1      | Learned a level 1 spell: Magic Dart
  1203 | D:1      | Reached skill level 1 in Conjurations
  1267 | D:1      | Reached XP level 3. HP: 14/21 MP: 6/6
  1322 | D:1      | Learned a level 2 spell: Blink
  1631 | D:2      | Reached skill level 5 in Poison Magic
  1711 | D:2      | Noticed Robin
  1724 | D:2      | Killed Robin
  1725 | D:2      | Reached XP level 4. HP: 13/27 MP: 1/7
  1891 | D:2      | Found an ancient bone altar of Kikubaaqudgha.
  2617 | D:3      | Noticed a scorpion
  2624 | D:3      | Killed a scorpion
  2625 | D:3      | Reached XP level 5. HP: 31/31 MP: 1/8
  2793 | D:3      | Found Pogra's Armour Emporium.
  2793 | D:3      | Noticed an animated gold dragon scales
  2796 | D:3      | Noticed an animated plate armour
  3431 | D:4      | Found a shimmering altar of Xom.
  3519 | D:4      | Reached skill level 6 in Poison Magic
  3594 | D:4      | Found a radiant altar of Vehumet.
  3621 | D:4      | Identified a scroll of acquirement
  3622 | D:4      | Acquired Ypihigh's Tutorial on Spellweaving
  3963 | D:4      | Found a glowing silver altar of Zin.
  3977 | D:4      | Found a glowing golden altar of the Shining One.
  4021 | D:4      | Reached XP level 6. HP: 34/36 MP: 9/9
  4231 | D:4      | Found a shadowy altar of Dithmenos.
  4235 | D:4      | Found an ornate altar of the Wu Jian Council.
  4235 | D:4      | Found a sparkling altar of Nemelex Xobeh.
  4243 | D:4      | Found a burning altar of Makhleb.
  4246 | D:4      | Found a stormy altar of Qazlal.
  4607 | D:5      | Entered Level 5 of the Dungeon
  4704 | D:5      | Identified the +6 sling "Wiestrif" {freeze, rN+ Int-4 SInv}
  4756 | D:5      | Noticed an ice beast
  4770 | D:5      | Slain by an ice beast

Illustrated notes

Levels and vault maps discovered:
D:1:      lightli_arrival_noodles, layout_basic, nicolae_ecumenical_lake_church
D:2:      layout_loops_ring, basic_altar, uniq_robin
D:3:      layout_loops_corners, serial_shops, nicolae_shop_mannequins,
          nicolae_elevator_lobby_asterisk
D:4:      layout_basic, mainiacjoe_overflow_concentric_impassable,
          minmay_overflow_temple_star_hex, mainiacjoe_overflow_big_doors,
          mainiacjoe_overflow_surrounded_room
D:5:      layout_gridville, uniq_sigmund, uniq_menkaure, uniq_blork_the_orc

Skill      XL: |  1  2  3  4  5 |
---------------+----------------+-----
Poison Magic   | 4 5 6 |  6.0
Conjurations   | 1 2 4 |  4.2
Dodging        | |  2.0
Stealth        | |  2.6
Spellcasting   | |  2.0
Transmutations | |  1.0

Action                     |  1- 3 |  4- 6 || total
---------------------------+-------+-------++-------
  Melee: Unarmed           |     7 |       ||     7
         Constrict         |    11 |    15 ||    26
         Short sword       |    31 |     4 ||    35
         Tentacles         |     5 |    19 ||    24
         Dagger            |     1 |    71 ||    72
         Punch             |     1 |     1 ||     2
         Staff             |       |     4 ||     4
   Cast: Sting             |    11 |       ||    11
         Poisonous Vapours |    22 |    26 ||    48
         Magic Dart        |       |     7 ||     7
    Use: Scroll            |     1 |    11 ||    12
         Potion            |     1 |     2 ||     3
   Stab: Sleeping          |     2 |     8 ||    10
 Armour: Skin              |     2 |     3 ||     5
  Dodge: Dodged            |    21 |    38 ||    59
